 Dungeon Crawl Stone Soup version 0.29.1-15-g9cfb28693d (webtiles) character file.

Game seed: 6018963144691312901

71 Atelerd the Digger (level 4, -3/27 HPs)
             Began as an Octopode Earth Elementalist on Mar 8, 2023.
             Slain by a goblin
             ... wielding a +1 dagger of venom
             ... led by Robin
              (4 damage)
             ... on level 3 of the Dungeon.
             The game lasted 00:01:45 (1747 turns).

Atelerd the Digger (Octopode Earth Elementalist)    Turns: 1747, Time: 00:01:46

Health: -3/27      AC:  1    Str:  4 (7)  XL:     4   Next: 24%
Magic:  1/8        EV: 13    Int: 16 (17) God:
Gold:   103        SH:  0    Dex: 11 (14) Spells: 7/8 levels left

rFire   . . .      SeeInvis .   g - +1 dagger (freeze)
rCold   . . .      Faith    .   (no shield)
rNeg    . . .      Spirit   .   (helmet restricted)
rPois   .          Reflect  .   (no amulet)
rElec   .          Harm     .   (no ring)
rCorr   .          Rampage  .   (no ring)
Will    .....                   (no ring)
Stlth   +++.......              (no ring)
HPRegen 0.09/turn               (no ring)
MPRegen 0.11/turn               (no ring)
                                (no ring)
                                (no ring)

@: lethally poisoned (-3 -> -10)
A: almost no armour, amphibious, 8 rings, camouflage 1, gelatinous body 1,
(nimble swimmer 1), tentacles
a: no special abilities


You were on level 3 of the Dungeon.
You visited 1 branch of the dungeon, and saw 3 of its levels.

You collected 103 gold pieces.

Inventory:

Hand Weapons
 g - a +1 dagger of freezing (weapon)
Missiles
 l - a throwing net
Scrolls
 b - 2 scrolls of teleportation {unknown}
 d - a scroll of identify {unknown}
 e - a scroll of noise {unknown}
 h - 2 scrolls of vulnerability {unknown}
 i - a scroll of magic mapping {unknown}
 n - a scroll of enchant weapon {unknown}
Potions
 a - 2 potions of magic
 c - a potion of curing {unknown}
 j - a potion of invisibility {unknown}
 k - a potion of haste {unknown}
 m - a potion of heal wounds {unknown}


   Skills:
 - Level 2.0 Dodging
 - Level 2.6 Stealth
 + Level 2.8 Spellcasting
 + Level 2.3 Transmutations
 + Level 3.7 Earth Magic


You had 7 spell levels left.
You knew the following spells:

 Your Spells              Type           Power      Damage    Failure   Level
a - Sandblast             Erth           28%        2d8       4%          1

Your spell library contained the following spells:

 Spells                   Type           Power      Damage    Failure   Level
 Beastly Appendage        Tmut           18%        N/A       8%          1
 Passwall                 Tmut/Erth      10%        N/A       9%          2
 Wereblood                Tmut           9%         N/A       11%         2
 Necrotise                Necr           8%         1d4       19%         1
 Stone Arrow              Conj/Erth      16%        3d8       26%         3
 Spider Form              Tmut/Pois      6%         N/A       34%         3
 Petrify                  Tmut/Erth      12%        N/A       47%         4
 Vampiric Draining        Necr           2%         2d6       50%         3
 Agony                    Necr           2%         N/A       99%         5


Dungeon Overview and Level Annotations

Branches:
Dungeon (3/15)

Altars:

Annotations:
D:2 Sigmund


Innate Abilities, Weirdness & Mutations

You cannot wear most types of armour.
You are amphibious.
You can wear up to eight rings at the same time.
Your skin changes colour to match your surroundings (Stealth+).
Your rubbery body absorbs attacks. (AC +1, EV +1)
((You are camouflaged when in or above water. (Stealth+)))
You have tentacles for arms and can constrict up to eight enemies at once.


Message History

The blast of sand hits Robin.
Robin is severely wounded.
Robin throws the goblin at you! The goblin hits you with a +0 dagger.
A goblin comes into view. It is wielding a +0 club.
You are out of magic!
You are out of magic!
You hit Robin but do no damage. You grab Robin.
Robin is severely wounded.
You constrict Robin, but do no damage. Robin hits you with a +0 short sword.
The goblin misses you.
A hobgoblin comes into view.
You hit Robin. You freeze Robin. Your squeeze misses Robin.
Robin is almost dead.
You constrict Robin.
You kill Robin!
The goblin hits you with a +0 dagger.
Casting: Sandblast (safe; 3% risk of failure)
Confirm with . or Enter, or press ? or * to list all spells.
You don't have enough magic to cast this spell.
Unknown command.
You hit the goblin. You freeze the goblin. You grab the goblin.
The goblin is severely wounded.
You constrict the goblin.
You kill the goblin!
The goblin closely misses you. The goblin attacks as you move away!
The goblin hits you with a +1 dagger of venom.
* * * LOW HITPOINT WARNING * * *
You are lethally poisoned!
Found a faded altar of an unknown god.
* * * LOW HITPOINT WARNING * * *
You feel very sick.
You see here a +0 dagger.
It was a potion of degeneration.
There was something very wrong with that liquid.
You feel weakened.
You feel dopey.
You feel clumsy.
* * * LOW HITPOINT WARNING * * *
You feel sick.
The goblin hits you with a +1 dagger of venom.
You die...

.......#.#.###.#.### #
#####.............#
#....#.#.#.###.#.#.#
.....#.....##....#.##.g.
##...#..........#..)..gggg
#......###.####...g#
.......# #.# ####g#
###.##.# #.# ##g#..# # #.#
#@###.... #># ##.# .####
.. #.# . ∩.⌠.# ...# _.##
.# ##


You could see 3 goblins.

Vanquished Creatures
  Robin (D:3)
  An adder (D:3)
  A worm (D:3)
  3 dart slugs
  7 ball pythons
  3 bats (D:1)
  4 endoplasms
  A giant cockroach (D:3)
  7 goblins
  6 hobgoblins
  3 kobolds
  A frilled lizard (D:3)
  A rat (D:1)
39 creatures vanquished.

Notes
Turn   | Place    | Note
-------+----------+-------------------------------------------
     0 | D:1      | Atelerd the Octopode Earth Elementalist began the quest for
                  | the Orb.
     0 | D:1      | Reached XP level 1. HP: 11/11 MP: 3/3
   342 | D:1      | Reached XP level 2. HP: 11/17 MP: 1/5
  1022 | D:2      | Noticed Sigmund
  1065 | D:2      | Reached XP level 3. HP: 14/21 MP: 3/6
  1729 | D:3      | Noticed Robin
  1735 | D:3      | Reached XP level 4. HP: 27/27 MP: 5/8
  1744 | D:3      | Killed Robin
  1746 | D:3      | Found a faded altar of an unknown god.
  1747 | D:3      | HP: 1/27 [poisoned by a goblin]
  1747 | D:3      | Slain by a goblin

Illustrated notes

Levels and vault maps discovered:
D:1:      minmay_arrival_doors, layout_basic
D:2:      layout_rooms, st_stairs_7, kennysheep_nondescript, uniq_sigmund
D:3:      layout_loops_ring, ebering_ecumenical_altar_abandoned, uniq_robin

Skill      XL: |  1  2  3 |
---------------+----------+-----
Transmutations | 2 |  2.3
Dodging        | |  2.0
Stealth        | |  2.6
Spellcasting   | |  2.8
Earth Magic    | |  3.7

Action                   |  1- 3 |  4- 6 || total
-------------------------+-------+-------++-------
Melee: Unarmed           |     7 |       ||     7
       Constrict         |     9 |     2 ||    11
       Tentacles         |     6 |       ||     6
       Dagger            |    11 |     3 ||    14
 Cast: Sandblast         |    41 |     6 ||    47
  Use: Potion            |       |     1 ||     1
Armor: Skin              |     2 |       ||     2
Dodge: Dodged            |    19 |     4 ||    23
